Unix NetHack Version 3.7.0-89 Work-in-progress - last build Oct 29 2023 02:39:45 (20cca84197b74dff38aa9bb07c633f6875ef724d,branch:master). Game began 2023-10-31 21:49:32, ended 2023-10-31 21:56:10. BeanNighe, neutral male human Tourist --------------- |..@d.......... |.qh).........| --q-------- --- BeanNighe the Sightseer St:11 Dx:16 Co:18 In:14 Wi:6 Ch:17 Neutral Dlvl:6 $:397 HP:0(36) Pw:16(16) AC:10 Xp:4/141 T:1656 Latest messages: Lucey misses the dwarf. Lucey misses the dwarf. The dwarf wields a broad short sword! Lucey misses the dwarf. What do you want to throw? [$aB or ?*] In what direction? The dart misses the dwarf. Lucey misses the dwarf. The dwarf thrusts her broad short sword. The dwarf hits! Lucey misses the dwarf. What do you want to throw? [$aB or ?*] In what direction? The dart misses the dwarf. Lucey misses the dwarf. Lucey misses the dwarf. What do you want to throw? [$aB or ?*] In what direction? The dart misses the dwarf. Lucey misses the dwarf. The dwarf thrusts her broad short sword. The dwarf hits! Lucey misses the dwarf. What do you want to throw? [$aB or ?*] In what direction? The dart hits the dwarf! Lucey misses the dwarf. The dwarf thrusts her broad short sword. The dwarf hits! Lucey misses the dwarf. Lucey misses the dwarf. Lucey misses the dwarf. The dwarf picks up 3 uncursed +2 darts. Lucey misses the dwarf. What do you want to throw? [$aB or ?*] In what direction? The dart misses the dwarf. Lucey misses the dwarf. Lucey misses the dwarf. You see here an empty unlocked chest. Lucey misses the dwarf. Lucey misses the dwarf. What do you want to throw? [$aB or ?*] In what direction? The dart hits the dwarf. Lucey misses the dwarf. Lucey picks up an uncursed +2 dart. The dwarf thrusts her broad short sword. The dwarf hits! You die... Inventory: Coins ('$') $ - 397 gold pieces Weapons (')') a - 17 uncursed +2 darts (at the ready) B - an uncursed +0 dart Armor ('[') l - an uncursed +0 Hawaiian shirt with a flamingo motif (being worn) P - an uncursed +0 leather armor Comestibles ('%') A - a cursed haggis h - an uncursed apple D - a cursed candy bar labeled "Berry Bar" f - 2 uncursed candy bars labeled "Wonka Bar" d - 2 uncursed food rations q - 2 uncursed food rations E - a cursed food ration g - an uncursed fortune cookie c - an uncursed tripe ration b - an uncursed tin of smoked newt meat e - an uncursed tin of stir fried lichen K - an uncursed egg u - an uncursed lichen corpse Scrolls ('?') w - a cursed scroll of create monster o - a cursed scroll of enchant weapon z - 2 uncursed scrolls of identify k - a blessed scroll of magic mapping j - 3 uncursed scrolls of magic mapping p - a cursed scroll of remove curse Spellbooks ('+') Q - an uncursed spellbook of extra healing x - an uncursed spellbook of wizard lock Potions ('!') H - an uncursed potion of enlightenment t - a blessed potion of extra healing i - 2 uncursed potions of extra healing F - an uncursed potion of fruit juice I - an uncursed potion of gain ability J - 2 uncursed potions of gain level O - an uncursed potion of hallucination v - an uncursed potion of healing r - an uncursed potion of see invisible Tools ('(') n - an uncursed credit card m - an uncursed expensive camera (0:92) L - a cursed magic lamp M - an uncursed skeleton key Gems/Stones ('*') C - 2 cursed worthless pieces of green glass BeanNighe the Tourist's attributes: Background: You were a Sightseer, a level 4 male human Tourist. You were neutral, nominally on a mission for The Lady who was opposed by Blind Io (lawful) and Offler (chaotic). You were in the Dungeons of Doom, on level 6. You entered the dungeon 1656 turns ago. There was a full moon in effect when your adventure ended. You had 141 experience points, 19 more were needed to attain level 5. Basics: You had 0 out of 36 hit points. You had all 16 energy points (spell power). Your armor class was 10. Your wallet contained 397 zorkmids. Autopickup was on for '$?!"=/*', with exceptions. Final Characteristics: Your strength was 11 (limit:18/100). Your dexterity was 16 (limit:18). Your constitution was 18 (limit:18). Your intelligence was 14 (limit:18). Your wisdom was 6 (limit:18). Your charisma was 17 (limit:18). Final Status: You weren't hungry. You were unencumbered. You were bare handed. You were unskilled in bare handed combat and could have enhanced that. Final Attributes: You were devoutly aligned. You were lucky. You are dead. Miscellaneous: You never encountered a bones level. Total elapsed playing time was 6 minutes and 38 seconds. Major events: Turn 1: BeanNighe the neutral male human Tourist entered the dungeon 782: attained the rank of Sightseer (level 3) 995: entered the Gnomish Mines 1656: killed by a dwarf Vanquished creatures: a fog cloud a kobold mummy a gray ooze a centipede a giant bat an iguana a large kobold 4 giant rats a cave spider a brown mold a gnome 4 geckos 3 kobolds a goblin a sewer rat 2 grid bugs 3 lichens 6 newts 34 creatures vanquished. No species were genocided or became extinct. Voluntary challenges: You were an atheist. You never hit with a wielded weapon. You were illiterate. You never engraved Elbereth. You never genocided any monsters. You never polymorphed an object. You never changed form. You used no wishes. Achievements: You attained the rank of Sightseer. You entered the Gnomish Mines. You entered a shop. The Dungeons of Doom: levels 1 to 6 Level 1: Level 2: Level 3: A fountain. Level 4: A sink. Stairs down to The Gnomish Mines. Level 5: A shop. Level 6: <- You were here. Final resting place for you, killed by a dwarf. The Gnomish Mines: Level 5: Game over: ---------- / \ / REST \ / IN \ / PEACE \ / \ | BeanNighe | | 397 Au | | killed by a | | dwarf | | | | | | 2023 | *| * * * | * _________)/\\_//(\/(/\)/\//\/|_)_______ Aloha BeanNighe the Tourist... You died in The Dungeons of Doom on dungeon level 6 with 1025 points, and 397 pieces of gold, after 1656 moves. You were level 4 with a maximum of 36 hit points when you died.